 Dungeon Crawl Stone Soup version 0.26-a0-455-g0958c023ba (webtiles) character file.

Game seed: 9288082769889728825

52 tilp the Sneak (level 3, 0/17 HPs)
             Began as a Felid Delver on July 28, 2020.
             Slain by a bullfrog zombie (4 damage)
             ... on level 5 of the Dungeon.
             The game lasted 00:04:45 (899 turns).

tilp the Sneak (Felid Delver)                        Turns: 899, Time: 00:04:46

Health: 0/17       AC:  1    Str:  8    XL:     3   Next: 60%
Magic:  4/4        EV: 19    Int: 12    God:
Gold:   0          SH:  0    Dex: 17    Spells: 2/2 levels left
                                        Lives:  0   Deaths: 0

rFire    . . .     SeeInvis +     - Unarmed
rCold    . . .     Faith    .   (shield unavailable)
rNeg     . . .     Spirit   .   (armour unavailable)
rPois    .         Reflect  .   (helmet unavailable)
rElec    .         Harm     .   (cloak unavailable)
rCorr    .                      (gloves unavailable)
MR       .....                  (boots unavailable)
Stlth    ++++......             (no amulet)
HPRegen  0.05/turn              (no ring)
MPRegen  0.09/turn              (no ring)

@: quick
A: very small, no armour, no weapons or thrown items, stealth, claws 1, fangs 3,
see invisible, speed 1, shaggy fur 1, sharp paws
a: no special abilities


You were on level 5 of the Dungeon.
You visited 1 branch of the dungeon, and saw 1 of its levels.

Inventory:

Wands
 e - a wand of digging (3)
 g - a wand of flame (16)
Scrolls
 a - a scroll of fog
 b - a scroll of magic mapping
 c - a scroll of fear
 f - 2 scrolls of identify {unknown}
 h - a scroll of teleportation {unknown}


   Skills:
 + Level 3.4 Fighting
 * Level 4.2 Dodging
 + Level 7.1 Stealth
 - Level 2.0 Unarmed Combat


You had 2 spell levels left.
You didn't know any spells.
Your spell library was empty.

Dungeon Overview and Level Annotations

Branches:
Dungeon (5/15)
 Temple: D:4-7

Altars:


Innate Abilities, Weirdness & Mutations

You cannot wear armour.
You are incapable of wielding weapons or throwing items.
Your paws allow you to move quietly. (Stealth)
You have sharp claws.
You have razor-sharp teeth.
You have supernaturally acute eyesight. (SInv)
You cover ground quickly.
You are covered in fur. (AC +1)
Your sharp claws are effective at attacking unaware monsters.


Message History

The puff of flame hits the bullfrog zombie.
The bullfrog zombie is severely damaged.
Evoke which item? (* to show all) (? for menu, Esc to quit)
Aiming: Throw Flame
Press: ? - help, Shift-Dir - straight line, f/p - bullfrog zombie
Aim: a bullfrog zombie (severely damaged)
The puff of flame hits the bullfrog zombie.
The bullfrog zombie is severely damaged.
The bullfrog zombie misses you.
You scratch the bullfrog zombie.
The bullfrog zombie is almost destroyed.
The bullfrog zombie hits you!
You barely miss the bullfrog zombie.
The bullfrog zombie is almost destroyed.
The bullfrog zombie hits you.
* * * LOW HITPOINT WARNING * * *
You scratch the bullfrog zombie.
The bullfrog zombie is almost destroyed.
The bullfrog zombie hits you.
You die...

#.............#
#........#...##
#.....##.##..###.##
#.....##...........
###.#.#####..###..
#.#........#
######.######...##
#......# ##..Z..##
#.##.### ##...@...##
#.. ###.#
###.#...####.........#
.. ....#
...........+.........+
5. ..#.#
.#......####.........#
. ....# รท......>#
##.......## .#.=.##
....##..# ##.....##
##.....# ....##..#
##...## #.......
....##..# ##'##
#.....# ....##..# #.#
#....##


You could see a bullfrog zombie.

Vanquished Creatures
  2 worker ants (D:5)
  4 jackals (D:5)
6 creatures vanquished.

Notes
Turn   | Place    | Note
-------+----------+-------------------------------------------
     0 | D:5      | tilp the Felid Delver began the quest for the Orb.
     0 | D:5      | Reached XP level 1. HP: 10/10 MP: 2/2
    15 | D:5      | Noticed a worker ant
    18 | D:5      | Killed a worker ant
    18 | D:5      | Reached XP level 2. HP: 14/14 MP: 3/3
    69 | D:5      | Noticed an ice beast
   182 | D:5      | Noticed a scorpion
   214 | D:5      | Reached XP level 3. HP: 17/17 MP: 4/4
   310 | D:5      | Reached skill level 7 in Stealth
   899 | D:5      | Slain by a bullfrog zombie

Illustrated notes

Levels and vault maps discovered:
D:5:      layout_loops_corners, amethyst_overflow_temple_binary, uniq_sigmund,
          uniq_duvessa

Skill      XL: |  1  2  3 |
---------------+----------+-----
Dodging        | 3 4 |  4.2
Stealth        | 7 |  7.1
Fighting       | |  3.4
Unarmed Combat | |  2.0

Action                   || total
-------------------------++-------
Melee: Unarmed           ||    18
       Bite              ||     3
Evoke: Wand              ||     5
  Use: Potion            ||     1
 Stab: Sleeping          ||     2
Dodge: Dodged            ||    18

Table legend: (Time is in decaauts)
 A = Elapsed time spent in this place.
 B = Non-inter-level travel time spent in this place.
 C = Inter-level travel time spent in this place.
 D = Time resting spent in this place.
 E = Time spent auto-exploring this place.
 F = Levels seen in this place.
 G = Mean time per level.
                   A        B        C        D        E       F      G
               +--------+--------+--------+--------+--------+-----+--------+
         Total |    747 |    731 |     16 |    179 |      0 |   1 |  747.0 |
       Dungeon |    747 |    731 |     16 |    179 |      0 |   1 |  747.0 |
               +--------+--------+--------+--------+--------+-----+--------+

Top non-repeatable levels by time:
     D:5: 747 daAuts
